[Event "FICS rated blitz game"]
[Site "FICS freechess.org"]
[FICSGamesDBGameNo "20003323"]
[White "areaarea"]
[Black "Jopin"]
[WhiteElo "1234"]
[BlackElo "1371"]
[WhiteRD "na"]
[BlackRD "na"]
[TimeControl "300+0"]
[Date "1999.10.31"]
[Time "03:01:00"]
[WhiteClock "0:05:00.000"]
[BlackClock "0:05:00.000"]
[ECO "C01"]
[PlyCount "122"]
[Result "0-1"]

1. e4 e6 2. d4 d5 3. exd5 exd5 4. Nf3 Nf6 5. Bb5+ Bd7 6. Bxd7+ Qxd7 7. O-O Be7 8. Ne5 Qd6 9. Bg5 Nbd7 10. Bxf6 Bxf6 11. Re1 O-O 12. Nxd7 Qxd7 13. Nc3 c6 14. Qf3 Rae8 15. Re3 Bxd4 16. Rxe8 Rxe8 17. Rd1 Bxc3 18. Qxc3 g6 19. a4 f5 20. Qd4 a6 21. c4 Re4 22. Qd3 Qe6 23. h3 dxc4 24. Qd8+ Qe8 25. Qxe8+ Rxe8 26. Rd7 Rb8 27. Rd4 Kf7 28. Rxc4 Ke6 29. g4 fxg4 30. Rxg4 b5 31. b3 bxa4 32. bxa4 Rc8 33. Rh4 h5 34. Rc4 c5 35. Re4+ Kf5 36. Re7 c4 37. Kf1 c3 38. Ke1 Kf6 39. Re2 Rc4 40. Kd1 Rxa4 41. Kc2 Ra2+ 42. Kd1 Rxe2 43. Kxe2 a5 44. Kd3 Kf5 45. Kxc3 Kf4 46. Kc4 Kf3 47. Kb5 Kxf2 48. Kxa5 Kg3 49. Kb5 Kxh3 50. Kc5 Kg3 51. Kd5 h4 52. Ke4 h3 53. Ke5 h2 54. Kf6 h1=Q 55. Kxg6 Qf3 56. Kg5 Qf4+ 57. Kg6 Kg4 58. Kg7 Kg5 59. Kg8 Qc7 60. Kf8 Kf6 61. Ke8 Qe7# {White checkmated} 0-1

[Event "FICS rated blitz game"]
[Site "FICS freechess.org"]
[FICSGamesDBGameNo "20003319"]
[White "Hammondite"]
[Black "vpff"]
[WhiteElo "1588"]
[BlackElo "1100"]
[WhiteRD "na"]
[BlackRD "na"]
[TimeControl "180+2"]
[Date "1999.10.31"]
[Time "02:02:00"]
[WhiteClock "0:03:00.000"]
[BlackClock "0:03:00.000"]
[ECO "A02"]
[PlyCount "29"]
[Result "1-0"]

1. f4 f5 2. b3 Nf6 3. e3 Nc6 4. Nf3 d5 5. Bb2 Qd6 6. Bb5 Bd7 7. O-O O-O-O 8. Bxc6 Bxc6 9. Ne5 Ng4 10. Nf7 Qe6 11. Nxd8 Kxd8 12. a4 Qh6 13. h3 Nf6 14. Bxf6 gxf6 15. d4 {Black forfeits on time} 1-0

[Event "FICS rated blitz game"]
[Site "FICS freechess.org"]
[FICSGamesDBGameNo "20003318"]
[White "tarrax"]
[Black "Hammondite"]
[WhiteElo "1764"]
[BlackElo "1563"]
[WhiteRD "na"]
[BlackRD "na"]
[TimeControl "300+0"]
[Date "1999.10.31"]
[Time "01:33:00"]
[WhiteClock "0:05:00.000"]
[BlackClock "0:05:00.000"]
[ECO "A52"]
[PlyCount "59"]
[Result "1-0"]

1. d4 Nf6 2. c4 e5 3. dxe5 Ng4 4. Nc3 Nxe5 5. e4 Bb4 6. Bd2 O-O 7. Be2 d6 8. Nf3 Bg4 9. Nxe5 Bxe2 10. Qxe2 dxe5 11. Rd1 Nc6 12. O-O Nd4 13. Qd3 Bxc3 14. Bxc3 c5 15. Kh1 Qh4 16. b3 Rad8 17. Qe3 Rd6 18. f4 Rh6 19. h3 f6 20. fxe5 fxe5 21. Rxf8+ Kxf8 22. Rf1+ Rf6 23. Rxf6+ Qxf6 24. b4 Qf1+ 25. Kh2 Ne2 26. Qxc5+ Kf7 27. Bxe5 Nc1 28. Qd5+ Kg6 29. Qe6+ Kh5 30. Qg4+ {Black resigns} 1-0

[Event "FICS rated standard game"]
[Site "FICS freechess.org"]
[FICSGamesDBGameNo "20003317"]
[White "xyllyx"]
[Black "freesok"]
[WhiteElo "1594"]
[BlackElo "1627"]
[WhiteRD "na"]
[BlackRD "na"]
[TimeControl "900+30"]
[Date "1999.10.31"]
[Time "01:00:00"]
[WhiteClock "0:15:00.000"]
[BlackClock "0:15:00.000"]
[ECO "C50"]
[PlyCount "82"]
[Result "0-1"]

1. e4 e5 2. Nf3 Nc6 3. Bc4 Bc5 4. O-O Nf6 5. Re1 d6 6. h3 O-O 7. c3 Be6 8. Bxe6 fxe6 9. d4 exd4 10. cxd4 Bb6 11. e5 dxe5 12. dxe5 Qxd1 13. Rxd1 Nh5 14. Na3 Rad8 15. Bg5 Rxd1+ 16. Rxd1 Nb4 17. Be7 Rxf3 18. gxf3 Nd5 19. Bg5 Ndf4 20. Bxf4 Nxf4 21. Nc4 Nxh3+ 22. Kg2 Nf4+ 23. Kg3 Nd5 24. Nxb6 axb6 25. Rc1 c6 26. a3 Kf7 27. Rh1 h6 28. Kg4 b5 29. Rc1 Nb6 30. Rd1 Ke7 31. b3 Nd5 32. Kh5 Nf4+ 33. Kg4 g5 34. Rd4 c5 35. Rxf4 gxf4 36. Kxf4 Kf7 37. Kg4 Kg6 38. f4 h5+ 39. Kh4 Kf5 40. Kg3 h4+ 41. Kxh4 Kxf4 {White resigns} 0-1

[Event "FICS rated blitz game"]
[Site "FICS freechess.org"]
[FICSGamesDBGameNo "20003316"]
[White "RomanD"]
[Black "nyknick"]
[WhiteElo "1295"]
[BlackElo "1797"]
[WhiteRD "na"]
[BlackRD "na"]
[TimeControl "120+12"]
[Date "1999.10.30"]
[Time "22:57:00"]
[WhiteClock "0:02:00.000"]
[BlackClock "0:02:00.000"]
[ECO "D80"]
[PlyCount "62"]
[Result "0-1"]

1. d4 Nf6 2. c4 g6 3. Nc3 d5 4. c5 Bg7 5. e3 O-O 6. Nf3 Nc6 7. Bb5 Bg4 8. Bxc6 bxc6 9. h3 Bxf3 10. Qxf3 Re8 11. Qd1 e5 12. O-O e4 13. a3 Qd7 14. b4 a5 15. Bb2 Reb8 16. Qb3 axb4 17. axb4 Rxa1 18. Rxa1 Qc8 19. Ne2 Qb7 20. Bc3 Nd7 21. Qa3 Qb5 22. Qa2 Qd3 23. Qd2 Qc4 24. Qa2 Qd3 25. Qd2 Qb5 26. Qb2 f5 27. f3 exf3 28. gxf3 Bh6 29. Kf2 Nf6 30. Ng3 Re8 31. Nf1 f4 {White forfeits on time} 0-1

[Event "FICS rated blitz game"]
[Site "FICS freechess.org"]
[FICSGamesDBGameNo "20003315"]
[White "ilios"]
[Black "Raph"]
[WhiteElo "1747"]
[BlackElo "1629"]
[WhiteRD "na"]
[BlackRD "na"]
[TimeControl "240+0"]
[Date "1999.10.30"]
[Time "19:56:00"]
[WhiteClock "0:04:00.000"]
[BlackClock "0:04:00.000"]
[ECO "A42"]
[PlyCount "81"]
[Result "1-0"]

1. d4 d6 2. c4 Nd7 3. Nc3 g6 4. e4 Bg7 5. f4 e5 6. fxe5 dxe5 7. d5 a6 8. Bd3 Nc5 9. Bc2 Ne7 10. b4 Nxe4 11. Nxe4 f5 12. Nf3 fxe4 13. Bxe4 O-O 14. O-O Nf5 15. Bg5 Qd6 16. a3 b6 17. Rc1 Rb8 18. Qd3 h6 19. Bd2 Bd7 20. Rfe1 Ba4 21. c5 bxc5 22. Rxc5 Bb5 23. Qc3 Nd4 24. Nxd4 exd4 25. Qc1 d3 26. Rxc7 Be5 27. Bxh6 Bxh2+ 28. Kh1 Qxc7 29. Qxc7 Bxc7 30. Bxg6 Rf6 31. Re6 Rxe6 32. dxe6 Be8 33. Bxd3 Be5 34. Bc4 Kh7 35. Be3 Kg6 36. e7 Bc6 37. Bc5 Kf6 38. Kg1 Rh8 39. Bxa6 Bb2 40. b5 Ba8 41. b6 {Black forfeits on time} 1-0

[Event "FICS rated blitz game"]
[Site "FICS freechess.org"]
[FICSGamesDBGameNo "20003314"]
[White "Charrua"]
[Black "nagare"]
[WhiteElo "1485"]
[BlackElo "1176"]
[WhiteRD "na"]
[BlackRD "na"]
[TimeControl "180+0"]
[Date "1999.10.30"]
[Time "19:40:00"]
[WhiteClock "0:03:00.000"]
[BlackClock "0:03:00.000"]
[ECO "C50"]
[PlyCount "85"]
[Result "1-0"]

1. e4 e5 2. Nf3 Nc6 3. Bc4 Bc5 4. Nc3 Nf6 5. d3 h6 6. Be3 b6 7. Qd2 d6 8. O-O-O Nb4 9. a3 Bxe3 10. Qxe3 Ng4 11. Qe2 Nc6 12. h3 Nf6 13. Bb5 Bd7 14. Nh4 O-O 15. Nf5 a6 16. Bc4 Bxf5 17. exf5 b5 18. Bd5 Nxd5 19. Nxd5 Nd4 20. Qe4 c6 21. Nb4 c5 22. Nd5 a5 23. c3 Nc6 24. g4 b4 25. cxb4 axb4 26. axb4 cxb4 27. Nxb4 Ra1+ 28. Kd2 Rxd1+ 29. Rxd1 Qg5+ 30. Ke1 Nd4 31. Qe3 Qxe3+ 32. fxe3 Nf3+ 33. Kf2 Nh2 34. Rh1 g6 35. Rxh2 gxf5 36. gxf5 f6 37. Rg2+ Kf7 38. Nd5 Rb8 39. Rg6 Rxb2+ 40. Kf3 Rb3 41. Ke2 Rb2+ 42. Kf3 Rb3 43. d4 {Black forfeits on time} 1-0

[Event "FICS rated blitz game"]
[Site "FICS freechess.org"]
[FICSGamesDBGameNo "20003313"]
[White "vladokosice"]
[Black "CyberCyclinator"]
[WhiteElo "1799"]
[BlackElo "1364"]
[WhiteRD "na"]
[BlackRD "na"]
[TimeControl "180+0"]
[Date "1999.10.30"]
[Time "19:38:00"]
[WhiteClock "0:03:00.000"]
[BlackClock "0:03:00.000"]
[ECO "C50"]
[PlyCount "83"]
[Result "1-0"]

1. e4 e5 2. Nf3 Nc6 3. Bc4 Bc5 4. d3 Nf6 5. Nc3 Nd4 6. Nxe5 d6 7. Nxf7 Qd7 8. Nxh8 Qg4 9. Qxg4 Bxg4 10. O-O O-O-O 11. Nf7 Rd7 12. Ng5 h6 13. Nf3 Bxf3 14. gxf3 Nxf3+ 15. Kg2 Nd4 16. Be3 Nxc2 17. Bxc5 Nxa1 18. Bd4 Nc2 19. Bxf6 gxf6 20. Be6 Kd8 21. Bxd7 Kxd7 22. Nd5 c6 23. Nxf6+ Ke6 24. Ng4 Nd4 25. Ne3 Ke5 26. f4+ Ke6 27. h4 Kf6 28. h5 d5 29. e5+ Ke6 30. Kf2 c5 31. Rg1 c4 32. Rg6+ Kf7 33. dxc4 dxc4 34. Nxc4 Nc2 35. f5 Nd4 36. Nd6+ Ke7 37. Rxh6 Kd7 38. Rh7+ Kc6 39. f6 Kd5 40. f7 Kxe5 41. f8=Q Kd5 42. Nxb7 {Black resigns} 1-0

[Event "FICS rated blitz game"]
[Site "FICS freechess.org"]
[FICSGamesDBGameNo "20003312"]
[White "cinese"]
[Black "ChessTatour"]
[WhiteElo "2026"]
[BlackElo "1984"]
[WhiteRD "na"]
[BlackRD "na"]
[TimeControl "180+0"]
[Date "1999.10.30"]
[Time "18:36:00"]
[WhiteClock "0:03:00.000"]
[BlackClock "0:03:00.000"]
[ECO "B14"]
[PlyCount "80"]
[Result "0-1"]

1. d4 Nf6 2. c4 c5 3. e3 cxd4 4. exd4 d5 5. Nf3 g6 6. Nc3 Bg7 7. cxd5 Nxd5 8. Qb3 Nxc3 9. bxc3 O-O 10. Be3 Nc6 11. Be2 e5 12. O-O exd4 13. cxd4 Be6 14. Qxb7 Bd5 15. Qb2 Rb8 16. Qd2 f5 17. Rad1 Qd6 18. Bf4 Qe6 19. Rfe1 Qd7 20. Ne5 Bxe5 21. dxe5 Ne7 22. Bg5 Rbd8 23. Qa5 Nc6 24. Qxd5+ Qxd5 25. Rxd5 Rxd5 26. Bc4 Nb4 27. a3 Rc8 28. Bxd5+ Nxd5 29. e6 Kf8 30. h3 Ke8 31. Rd1 Ne7 32. Rd7 Nc6 33. Rxh7 Kf8 34. Bf6 Ne7 35. Rxe7 Rc1+ 36. Kh2 Rc6 37. f4 Rxe6 38. Rxe6 g5 39. Ra6 gxf4 40. Rxa7 f3 {White forfeits on time} 0-1

[Event "FICS rated blitz game"]
[Site "FICS freechess.org"]
[FICSGamesDBGameNo "20003310"]
[White "albertusw"]
[Black "sardiniak"]
[WhiteElo "1116"]
[BlackElo "1391"]
[WhiteRD "na"]
[BlackRD "na"]
[TimeControl "120+12"]
[Date "1999.10.30"]
[Time "18:14:00"]
[WhiteClock "0:02:00.000"]
[BlackClock "0:02:00.000"]
[ECO "B07"]
[PlyCount "20"]
[Result "0-1"]

1. d4 d6 2. e4 Nf6 3. Nc3 g6 4. Bd2 Bg7 5. Qe2 O-O 6. f4 Nc6 7. e5 Nxd4 8. Qc4 dxe5 9. Qd3 Bf5 10. Ne4 Bxe4 {White resigns} 0-1

[Event "FICS rated blitz game"]
[Site "FICS freechess.org"]
[FICSGamesDBGameNo "20003309"]
[White "ChessTatour"]
[Black "hasank"]
[WhiteElo "1975"]
[BlackElo "1912"]
[WhiteRD "na"]
[BlackRD "na"]
[TimeControl "180+0"]
[Date "1999.10.30"]
[Time "17:40:00"]
[WhiteClock "0:03:00.000"]
[BlackClock "0:03:00.000"]
[ECO "E76"]
[PlyCount "111"]
[Result "1-0"]

1. c4 Nf6 2. Nc3 g6 3. e4 d6 4. d4 Bg7 5. f4 O-O 6. Nf3 c5 7. d5 b5 8. cxb5 a6 9. bxa6 Qa5 10. Bd3 Bxa6 11. O-O c4 12. Bc2 Nbd7 13. e5 Ng4 14. e6 Qc5+ 15. Kh1 fxe6 16. dxe6 Nb6 17. Qe1 d5 18. Qh4 Nf6 19. f5 d4 20. Ne4 Qxf5 21. Bg5 d3 22. Bxf6 exf6 23. e7 Rfe8 24. Nd6 Qd5 25. Nxe8 Rxe8 26. Bd1 Rxe7 27. Re1 Rxe1+ 28. Qxe1 Nd7 29. Ba4 Nf8 30. Qe8 f5 31. Rb1 d2 32. Rd1 c3 33. bxc3 Bxc3 34. Bb3 Bc4 35. Bxc4 Qxc4 36. Qe7 Qa4 37. Qe2 Qxa2 38. Nxd2 Qd5 39. Qf2 Bg7 40. Qe2 Qd6 41. Qc4+ Qe6 42. Qxe6+ Nxe6 43. Nf3 Kf7 44. Rd7+ Kf6 45. Nd4 Bh6 46. Nxe6 Kxe6 47. Rxh7 Bf4 48. Kg1 Kf6 49. Kf2 Be5 50. Rh6 Bd4+ 51. Kg3 Kg7 52. Rh3 Bf6 53. Kf3 g5 54. g4 f4 55. Rh5 Be7 56. h4 {Black forfeits on time} 1-0

[Event "FICS rated blitz game"]
[Site "FICS freechess.org"]
[FICSGamesDBGameNo "20003308"]
[White "DanielbUK"]
[Black "nonfish"]
[WhiteElo "1098"]
[BlackElo "956"]
[WhiteRD "na"]
[BlackRD "na"]
[TimeControl "360+12"]
[Date "1999.10.30"]
[Time "16:49:00"]
[WhiteClock "0:06:00.000"]
[BlackClock "0:06:00.000"]
[ECO "C50"]
[PlyCount "164"]
[Result "0-1"]

1. e4 e5 2. Nf3 Nc6 3. Bc4 Bc5 4. Nc3 Nh6 5. d3 Ng4 6. O-O O-O 7. h3 Nxf2 8. Rxf2 Bxf2+ 9. Kxf2 d6 10. Bg5 Qe8 11. Qe2 h6 12. Bh4 Nd4 13. Nxd4 exd4 14. Nb5 Qe5 15. Nxc7 Rb8 16. Nb5 a6 17. Bg3 Qf6+ 18. Qf3 Qxf3+ 19. Kxf3 axb5 20. Bxd6 Ra8 21. Bxf8 bxc4 22. dxc4 Kxf8 23. Rd1 Rxa2 24. Rxd4 Be6 25. b3 Rxc2 26. e5 Rc3+ 27. Kf4 Rxb3 28. c5 Rc3 29. Rd8+ Ke7 30. Rb8 Rxc5 31. Rxb7+ Kd8 32. Rb8+ Kc7 33. Re8 g5+ 34. Ke4 Rc4+ 35. Kd3 Rc5 36. Ke4 Kd7 37. Rh8 Rc4+ 38. Kd3 Rc5 39. Ke4 Ke7 40. Rxh6 Kf8 41. Rh5 f6 42. exf6 Kf7 43. Kd4 Rd5+ 44. Ke3 Kxf6 45. Rh6+ Kf5 46. g4+ Ke5 47. Rg6 Kd6 48. Rf6 Re5+ 49. Kd4 Re1 50. Rf8 Rh1 51. Rd8+ Ke7 52. Rh8 Bxg4 53. Rh7+ Kf6 54. Rh6+ Kg7 55. Rd6 Bxh3 56. Rd5 Kh6 57. Rd6+ Kh5 58. Ke5 Rf1 59. Rd8 Kg4 60. Rd4+ Kg3 61. Rd3+ Rf3 62. Rd8 Rf5+ 63. Kd4 g4 64. Ke4 Rf1 65. Rd3+ Kh2 66. Rd2+ Kg1 67. Rd3 Rf2 68. Ke3 g3 69. Rd1+ Kh2 70. Re1 Rf1 71. Re2+ g2 72. Ke4 Kh1 73. Rxg2 Bxg2+ 74. Kd4 Re1 75. Kc5 Rd1 76. Kc4 Kg1 77. Kc5 Kf2 78. Kc4 Ke3 79. Kc5 Ke4 80. Kc4 Rc1+ 81. Kb5 Kd5 82. Kb4 Kc6 {White resigns} 0-1

[Event "FICS rated blitz game"]
[Site "FICS freechess.org"]
[FICSGamesDBGameNo "20003307"]
[White "mgatto"]
[Black "vendemiatrix"]
[WhiteElo "1556"]
[BlackElo "1679"]
[WhiteRD "na"]
[BlackRD "na"]
[TimeControl "180+0"]
[Date "1999.10.30"]
[Time "15:54:00"]
[WhiteClock "0:03:00.000"]
[BlackClock "0:03:00.000"]
[ECO "A02"]
[PlyCount "48"]
[Result "0-1"]

1. f4 e5 2. fxe5 d6 3. exd6 Bxd6 4. Nf3 g5 5. g3 g4 6. Nh4 Ne7 7. e4 Ng6 8. Nf5 Bxf5 9. exf5 Ne7 10. f6 Ng6 11. Qe2+ Kf8 12. Bg2 Nc6 13. O-O h5 14. Bxc6 bxc6 15. d4 c5 16. d5 Be5 17. Qf2 Bd4 18. Be3 Bxb2 19. Bxc5+ Kg8 20. Nd2 Bxa1 21. Rxa1 Qxd5 22. c4 Qd3 23. Re1 h4 24. Re3 Qc2 {White forfeits on time} 0-1

[Event "FICS rated blitz game"]
[Site "FICS freechess.org"]
[FICSGamesDBGameNo "20003306"]
[White "whiterook"]
[Black "rememberme"]
[WhiteElo "1385"]
[BlackElo "1231"]
[WhiteRD "na"]
[BlackRD "na"]
[TimeControl "300+12"]
[Date "1999.10.30"]
[Time "15:43:00"]
[WhiteClock "0:05:00.000"]
[BlackClock "0:05:00.000"]
[ECO "A00"]
[PlyCount "59"]
[Result "1-0"]

1. b4 e5 2. a3 Nf6 3. Bb2 d6 4. e3 Be7 5. d4 exd4 6. exd4 Bf5 7. Bd3 Bxd3 8. Qxd3 Nbd7 9. Nf3 d5 10. O-O O-O 11. Re1 c6 12. Nbd2 Qc7 13. Rac1 Bd6 14. g3 Ng4 15. c4 dxc4 16. Nxc4 f5 17. Nxd6 Qxd6 18. Qc3 Qh6 19. Nh4 f4 20. h3 fxg3 21. fxg3 Ngf6 22. Kg2 Rae8 23. Rxe8 Rxe8 24. Re1 Ne4 25. Qf3 Ndf6 26. Nf5 Qd2+ 27. Re2 Qd1 28. d5 Nd2 29. Rxe8+ Nxe8 30. Qxd1 {Black resigns} 1-0

[Event "FICS rated blitz game"]
[Site "FICS freechess.org"]
[FICSGamesDBGameNo "20003305"]
[White "Nailsea"]
[Black "Sacamaster"]
[WhiteElo "1270"]
[BlackElo "1452"]
[WhiteRD "na"]
[BlackRD "na"]
[TimeControl "120+12"]
[Date "1999.10.30"]
[Time "15:30:00"]
[WhiteClock "0:02:00.000"]
[BlackClock "0:02:00.000"]
[ECO "D10"]
[PlyCount "98"]
[Result "0-1"]

1. d4 d5 2. c4 c6 3. Nc3 Nf6 4. e3 Bg4 5. Be2 Bxe2 6. Qxe2 e6 7. Nf3 dxc4 8. Qxc4 Bd6 9. b3 O-O 10. Bb2 Nbd7 11. O-O Qc7 12. Rac1 Ng4 13. h3 Nh2 14. Nxh2 Bxh2+ 15. Kh1 Nf6 16. Qd3 Nh5 17. Ne4 f5 18. Nc5 Rfe8 19. b4 g5 20. Nb3 a6 21. Na5 g4 22. hxg4 fxg4 23. Qe4 Bg3 24. Qxg4+ Qg7 25. Qxg7+ Kxg7 26. d5+ Kg6 27. dxc6 bxc6 28. Rxc6 Kf7 29. Rc5 Kg6 30. Be5 Bxe5 31. Rxe5 Nf6 32. Rc1 Ng4 33. Rec5 Nxf2+ 34. Kg1 Nd3 35. a3 Nxc1 36. Rxc1 Rac8 37. Rxc8 Rxc8 38. Nb7 Rc3 39. Nc5 Rxe3 40. Kf2 Rxa3 41. Nxe6 Rb3 42. Nc5 Rxb4 43. Nxa6 Rc4 44. Nb8 h5 45. Nd7 Kg5 46. Ne5 Ra4 47. g3 Ra3 48. Nf3+ Kg4 49. Nh2+ Kh3 {White resigns} 0-1

[Event "FICS rated blitz game"]
[Site "FICS freechess.org"]
[FICSGamesDBGameNo "20003304"]
[White "Houmpha"]
[Black "Surok"]
[WhiteElo "1519"]
[BlackElo "1498"]
[WhiteRD "na"]
[BlackRD "na"]
[TimeControl "300+0"]
[Date "1999.10.30"]
[Time "15:19:00"]
[WhiteClock "0:05:00.000"]
[BlackClock "0:05:00.000"]
[ECO "C10"]
[PlyCount "55"]
[Result "1-0"]

1. e4 e6 2. d4 d5 3. Nd2 dxe4 4. Nxe4 Nd7 5. c4 Ngf6 6. Nc3 Bb4 7. Bd2 c5 8. Nf3 O-O 9. Be2 b6 10. O-O Bb7 11. a3 Ba5 12. Qa4 Bxc3 13. Bxc3 Ne4 14. Rfd1 Nxc3 15. bxc3 Qc7 16. d5 exd5 17. cxd5 Nf6 18. c4 Bc8 19. d6 Qb7 20. Ne5 Nd7 21. Nxd7 Bxd7 22. Bf3 Bxa4 23. Bxb7 Bxd1 24. Bxa8 Ba4 25. Bd5 Rd8 26. Re1 Rxd6 27. Re7 b5 28. Re8# {Black checkmated} 1-0

[Event "FICS rated blitz game"]
[Site "FICS freechess.org"]
[FICSGamesDBGameNo "20003303"]
[White "cokeking"]
[Black "Simplicio"]
[WhiteElo "1430"]
[BlackElo "1454"]
[WhiteRD "na"]
[BlackRD "na"]
[TimeControl "300+0"]
[Date "1999.10.30"]
[Time "15:16:00"]
[WhiteClock "0:05:00.000"]
[BlackClock "0:05:00.000"]
[ECO "C45"]
[PlyCount "107"]
[Result "1/2-1/2"]

1. e4 e5 2. Nf3 Nc6 3. d4 exd4 4. Nxd4 d5 5. Nxc6 bxc6 6. Nc3 Bb4 7. exd5 cxd5 8. Bd2 Qe7+ 9. Be2 Nf6 10. O-O O-O 11. Bg5 Bxc3 12. bxc3 Qd6 13. Bxf6 Qxf6 14. Qxd5 Be6 15. Qh5 Qxc3 16. Bd3 g6 17. Qf3 Rfd8 18. Rfd1 Rab8 19. Qe3 Qa5 20. a3 Qb6 21. Qe4 Bd5 22. Qe5 Qd6 23. Qxd6 Rxd6 24. Rd2 Rbd8 25. Rad1 Be6 26. Kf1 c5 27. Ke2 Bg4+ 28. f3 Be6 29. Be4 Rxd2+ 30. Rxd2 Rxd2+ 31. Kxd2 f5 32. Bc6 Kf7 33. Ke3 Kf6 34. f4 Ke7 35. Bb5 Kd6 36. c4 a5 37. a4 Bd7 38. Kf3 Bc8 39. g4 Bb7+ 40. Kg3 Be4 41. Kh4 fxg4 42. Kxg4 Ke6 43. Kg5 Bg2 44. h4 Kf7 45. f5 Kg7 46. fxg6 hxg6 47. Be8 Be4 48. h5 gxh5 49. Bxh5 Bd3 50. Kf4 Bxc4 51. Ke5 Bb3 52. Be8 c4 53. Kd4 Bxa4 54. Bxa4 {Black ran out of time and White has no material to mate} 1/2-1/2

[Event "FICS rated blitz game"]
[Site "FICS freechess.org"]
[FICSGamesDBGameNo "20003302"]
[White "HJE"]
[Black "teeny"]
[WhiteElo "1605"]
[BlackElo "1719"]
[WhiteRD "na"]
[BlackRD "na"]
[TimeControl "180+0"]
[Date "1999.10.30"]
[Time "14:57:00"]
[WhiteClock "0:03:00.000"]
[BlackClock "0:03:00.000"]
[ECO "B00"]
[PlyCount "126"]
[Result "0-1"]

1. e4 a5 2. d4 a4 3. c4 e6 4. Nc3 a3 5. Nf3 axb2 6. Bxb2 Ba3 7. Bxa3 Rxa3 8. Qc1 Qe7 9. Bd3 Nf6 10. O-O d6 11. e5 dxe5 12. dxe5 Rxc3 13. Qxc3 Nfd7 14. Rab1 O-O 15. Rxb7 Bxb7 16. Qb3 Bxf3 17. gxf3 Nxe5 18. Be4 Nbc6 19. Qb7 Nd4 20. Qb2 Ndxf3+ 21. Bxf3 Nxf3+ 22. Kh1 Qg5 23. Qe2 Nh4 24. Rg1 Qf6 25. Qg4 Qf3+ 26. Qxf3 Nxf3 27. Rg3 Nh4 28. a4 Rd8 29. h3 Rd4 30. Ra3 Rd8 31. a5 Ra8 32. c5 Nf5 33. a6 Nd4 34. Ra4 Nc6 35. Kg2 Kf8 36. Kf3 Ke8 37. Ke4 Kd7 38. Kd3 Ne5+ 39. Kd4 f6 40. a7 Nc6+ 41. Kc3 Rxa7 42. Rh4 h6 43. Rg4 g5 44. h4 f5 45. Rc4 Ra3+ 46. Kb2 Rf3 47. hxg5 hxg5 48. Rc2 g4 49. Kc1 Nd4 50. Rd2 e5 51. Kd1 Kc6 52. Ke1 Kxc5 53. Ra2 Kd5 54. Rd2 Ke4 55. Ra2 c5 56. Rb2 c4 57. Ra2 c3 58. Kd1 c2+ 59. Rxc2 Nxc2 60. Kxc2 Rxf2+ 61. Kd1 g3 62. Ke1 Kf3 63. Kd1 g2 {White resigns} 0-1

[Event "FICS rated blitz game"]
[Site "FICS freechess.org"]
[FICSGamesDBGameNo "20003301"]
[White "cokeking"]
[Black "GOH"]
[WhiteElo "1427"]
[BlackElo "1387"]
[WhiteRD "na"]
[BlackRD "na"]
[TimeControl "300+0"]
[Date "1999.10.30"]
[Time "14:37:00"]
[WhiteClock "0:05:00.000"]
[BlackClock "0:05:00.000"]
[ECO "B32"]
[PlyCount "46"]
[Result "0-1"]

1. e4 c5 2. Nf3 Nc6 3. d4 cxd4 4. Nxd4 e5 5. Nxc6 bxc6 6. Nc3 Nf6 7. f3 Bb4 8. Qd3 a5 9. Bg5 Ba6 10. Qd2 Bxf1 11. Rxf1 O-O 12. O-O-O a4 13. Bxf6 Qxf6 14. Qxd7 Bxc3 15. bxc3 Qf4+ 16. Qd2 Qxh2 17. g4 Qh4 18. Rh1 Qe7 19. Kb1 Rab8+ 20. Ka1 Rb6 21. Qh2 h6 22. Rdg1 Qa3 23. g5 Qxc3# {White checkmated} 0-1

[Event "FICS rated blitz game"]
[Site "FICS freechess.org"]
[FICSGamesDBGameNo "20003300"]
[White "erasmus"]
[Black "Tore"]
[WhiteElo "1873"]
[BlackElo "1575"]
[WhiteRD "na"]
[BlackRD "na"]
[TimeControl "300+0"]
[Date "1999.10.30"]
[Time "13:46:00"]
[WhiteClock "0:05:00.000"]
[BlackClock "0:05:00.000"]
[ECO "B14"]
[PlyCount "89"]
[Result "1-0"]

1. e4 d5 2. exd5 Nf6 3. c4 c6 4. d4 cxd5 5. Nc3 e6 6. Nf3 Be7 7. Bf4 O-O 8. c5 b6 9. b4 a5 10. a3 axb4 11. axb4 Rxa1 12. Qxa1 Nc6 13. Qa4 bxc5 14. dxc5 d4 15. Qxc6 dxc3 16. Bc4 Bd7 17. Qc7 Ba4 18. O-O Nd5 19. Qxd8 Rxd8 20. Bxd5 exd5 21. Nd4 Bf6 22. Be3 Rb8 23. Rc1 Bxd4 24. Bxd4 c2 25. Bc3 d4 26. Bxd4 Rxb4 27. Be3 Rb1 28. Kf1 f5 29. f4 Kf7 30. Ke1 Ke6 31. Kd2 Kd5 32. Kc3 Rb3+ 33. Kd2 Rb5 34. Kc3 Rb3+ 35. Kd2 Ra3 36. g3 Ke4 37. Re1 Rd3+ 38. Kc1 Rxe3 39. Rxe3+ Kxe3 40. c6 Kd3 41. c7 Bd7 42. h3 g6 43. g4 h6 44. gxf5 Bc6 45. fxg6 {Black forfeits on time} 1-0

[Event "FICS rated blitz game"]
[Site "FICS freechess.org"]
[FICSGamesDBGameNo "20003299"]
[White "endgamepro"]
[Black "jiml"]
[WhiteElo "1570"]
[BlackElo "1498"]
[WhiteRD "na"]
[BlackRD "na"]
[TimeControl "180+0"]
[Date "1999.10.30"]
[Time "13:15:00"]
[WhiteClock "0:03:00.000"]
[BlackClock "0:03:00.000"]
[ECO "C62"]
[PlyCount "43"]
[Result "1-0"]

1. e4 e5 2. Nf3 Nc6 3. Bb5 d6 4. Bxc6+ bxc6 5. d4 exd4 6. Nxd4 c5 7. Nc6 Qd7 8. Na5 Nf6 9. e5 dxe5 10. Qxd7+ Nxd7 11. O-O Bd6 12. Nc4 O-O 13. Rd1 Be7 14. Bd2 Bf6 15. Bc3 e4 16. Bxf6 Nxf6 17. Nc3 Be6 18. Nd2 Bf5 19. Re1 Rfe8 20. Re2 Bg4 21. Re3 Nd5 22. Nxd5 {Black resigns} 1-0

[Event "FICS rated blitz game"]
[Site "FICS freechess.org"]
[FICSGamesDBGameNo "20003298"]
[White "jopo"]
[Black "BlueHeal"]
[WhiteElo "1120"]
[BlackElo "1159"]
[WhiteRD "na"]
[BlackRD "na"]
[TimeControl "120+12"]
[Date "1999.10.30"]
[Time "12:48:00"]
[WhiteClock "0:02:00.000"]
[BlackClock "0:02:00.000"]
[ECO "A20"]
[PlyCount "72"]
[Result "0-1"]

1. c4 e5 2. Nf3 Nc6 3. d4 exd4 4. Nxd4 Nxd4 5. Qxd4 c5 6. Qe3+ Qe7 7. Nc3 Qxe3 8. Bxe3 Nf6 9. Nd5 Nxd5 10. cxd5 d6 11. Bf4 g6 12. e4 Be7 13. Bb5+ Bd7 14. Bxd7+ Kxd7 15. O-O f6 16. Rfe1 g5 17. Bg3 h5 18. f4 h4 19. Bf2 g4 20. f5 b6 21. Re3 Rag8 22. Be1 Bf8 23. Ra3 Bh6 24. Rxa7+ Kc8 25. Rf7 Be3+ 26. Kf1 Bd4 27. Rb1 Re8 28. Bc3 Rxe4 29. Bxd4 Rxd4 30. Rxf6 Rxd5 31. Rg6 Rxf5+ 32. Kg1 g3 33. Rxd6 b5 34. hxg3 hxg3 35. Rg6 Rfh5 36. Rxg3 Rh1+ {White resigns} 0-1

[Event "FICS rated blitz game"]
[Site "FICS freechess.org"]
[FICSGamesDBGameNo "20003296"]
[White "HAAG"]
[Black "Rramo"]
[WhiteElo "1733"]
[BlackElo "1668"]
[WhiteRD "na"]
[BlackRD "na"]
[TimeControl "180+0"]
[Date "1999.10.30"]
[Time "10:50:00"]
[WhiteClock "0:03:00.000"]
[BlackClock "0:03:00.000"]
[ECO "A45"]
[PlyCount "77"]
[Result "1-0"]

1. d4 Nf6 2. Bg5 Ne4 3. Bh4 d5 4. Nd2 Bf5 5. Nxe4 Bxe4 6. f3 Bg6 7. e3 c6 8. c4 Qb6 9. Qb3 Nd7 10. cxd5 cxd5 11. Qxb6 axb6 12. Bb5 e6 13. a4 Bb4+ 14. Kf2 f6 15. Rc1 Bd6 16. Ne2 Rd8 17. Rc3 O-O 18. Bg3 e5 19. Rhc1 Bf5 20. h3 h6 21. Bh2 Bh7 22. g4 Rf7 23. Rc8 Rff8 24. Rxd8 Rxd8 25. Nc3 exd4 26. Bxd6 dxc3 27. Rxc3 Nc5 28. Bc7 Rc8 29. Bxb6 Ne6 30. Rxc8+ Kf7 31. Be8+ Ke7 32. Bb5 g5 33. Re8+ Kd6 34. Rxe6+ Kxe6 35. Be8 Bc2 36. Bb5 Kd6 37. Ke2 f5 38. Kd2 Bb1 39. gxf5 {Black forfeits on time} 1-0